 Dungeon Crawl Stone Soup version 0.28.0 (webtiles) character file.

Game seed: 5157030363479337393

4 HallandMoats the Skirmisher (level 1, -15/18 HPs)
             Began as a Demonspawn Monk on Feb 6, 2022.
             Killed by an exploding quokka (29 damage)
             ... ignited by their inner flame
             ... on level 1 of the Dungeon.
             The game lasted 00:00:35 (162 turns).

HallandMoats the Skirmisher (Demonspawn Monk)        Turns: 162, Time: 00:00:36

Health: -15/18     AC:  3    Str: 11    XL:     1   Next: 58%
Magic:  1/1        EV: 12    Int: 11    God:
Gold:   0          SH:  0    Dex: 15    Spells: 0/0 levels left

rFire   . . .      SeeInvis .     - Unarmed
rCold   . . .      Faith    .   (no shield)
rNeg    . . .      Spirit   .   e - +0 leather armour
rPois   .          Reflect  .   (no helmet)
rElec   .          Harm     .   (no cloak)
rCorr   .          Rampage  .   (no gloves)
Will    .....                   (no boots)
Stlth   ++........              (no amulet)
HPRegen 0.06/turn               (no ring)
MPRegen 0.07/turn               (no ring)

@: no status effects
A: no striking features
a: no special abilities


You were on level 1 of the Dungeon.
You visited 1 branch of the dungeon, and saw 1 of its levels.

Inventory:

Armour
 e - a +0 leather armour (worn)
Scrolls
 c - a scroll of teleportation {unknown}


   Skills:
 * Level 3.1 Fighting
 + Level 0.1 Armour
 + Level 2.7 Dodging
 - Level 1.7 Stealth
 * Level 2.7 Unarmed Combat
 * Level 0.5 Invocations


You couldn't memorise any spells.
You didn't know any spells.
Your spell library was empty.

Dungeon Overview and Level Annotations

Branches:
Dungeon (1/15)

Altars:


Message History

You are too injured to fight recklessly!
You are too injured to fight recklessly!
You are too injured to fight recklessly!
You are too injured to fight recklessly!
You are too injured to fight recklessly!
You are too injured to fight recklessly!
You are too injured to fight recklessly!
You are too injured to fight recklessly!
You are too injured to fight recklessly!
You are too injured to fight recklessly!
You are too injured to fight recklessly!
You are too injured to fight recklessly!
You are too injured to fight recklessly!
You are too injured to fight recklessly!
You are too injured to fight recklessly!
You are too injured to fight recklessly!
The quokka barely misses you. The quokka closely misses you.
Found a whip.
The quokka bites you.
A goblin comes into view. It is wielding a +0 club.
The quokka bites you but does no damage.
The quokka barely misses you. The quokka misses you.
The quokka bites you but does no damage.
You are too injured to fight recklessly!
It was a potion of curing.
You feel better.
The quokka bites you but does no damage.
As you read the scroll labelled ALETTUCUMOJU, it crumbles to dust.
The creatures around you are filled with an inner flame!
It was a scroll of immolation.
The quokka barely misses you.
You completely miss the quokka. The quokka misses you.
You barely miss the quokka. The quokka misses you.
You hit the quokka.
Flame seeps out of the quokka.
The quokka is severely wounded.
The quokka is engulfed in blazing flames.
The quokka explodes!
The fiery explosion engulfs the gnoll!!
The fiery explosion engulfs you!!
Ouch! That really hurt!
You die...

.##....[.........#........#
....#............#........#
.>.......#####............#
.........#...#............#
#......###.8.###.#.......
.......#.......#.....#.#
.....#.+.8.<.8.§§#.....#
.......#.......#○###...#
...##..###.8.###@##..#.#
...##....#...#...##.##.#
#..##....#####.........#
#.†##..................#
....###..#.............#
.......................#
..###....(............##
#.. #.................#
#.#...#..........†....#


There were no monsters in sight!

Vanquished Creatures
  A gnoll (D:1)
  A goblin (D:1)
  2 quokkas (D:1)
  A ball python (D:1)
  2 rats (D:1)
7 creatures vanquished.

Notes
Turn   | Place    | Note
-------+----------+-------------------------------------------
     0 | D:1      | HallandMoats the Demonspawn Monk began the quest for the
                  | Orb.
     0 | D:1      | Reached XP level 1. HP: 18/18 MP: 1/1
   162 | D:1      | Killed by an exploding quokka... ignited by their inner
                  | flame

Illustrated notes

Levels and vault maps discovered:
D:1:      dpeg_arrival_simpleton_c, layout_rooms, nicolae_grassy_gnolls

Action                   || total
-------------------------++-------
Melee: Unarmed           ||    18
  Use: Scroll            ||     1
       Potion            ||     1
Armor: Leather armour    ||     5
Dodge: Dodged            ||    15
